 Dungeon Crawl Stone Soup version 0.22-a0-322-g60b3cfd (webtiles) character file.

31 4thArraOfDagon the Conjurer (level 3, 0/46 HPs)
             Began as a Hill Orc Conjurer on Apr 5, 2018.
             Slain by a slave (4 damage)
             ... led by Pikel
             ... on level 4 of the Dungeon.
             The game lasted 00:02:53 (778 turns).

4thArraOfDagon the Conjurer (Hill Orc Conjurer)      Turns: 778, Time: 00:02:53

Health: 0/46       AC: 21    Str: 10    XL:     3   Next: 22%
Magic:  5/5        EV:  2    Int: 16    God:
Gold:   66         SH:  0    Dex: 11    Spells: 4/5 levels left

rFire    . . .     SeeInvis .   e - +1 great sword
rCold    . . .     Gourm    .   (shield currently unavailable)
rNeg     + + +     Faith    .   (armour currently unavailable)
rPois    +         Spirit   .   (helmet currently unavailable)
rElec    .         Reflect  .   (cloak currently unavailable)
rCorr    .         Harm     .   (gloves currently unavailable)
MR       .....     NoTele   +   (boots currently unavailable)
Stlth    ++........             (no amulet)
HPRegen  0.15/turn              (no ring)
MPRegen  0.09/turn              (no ring)

@: tree-form
A: no striking features
a: no special abilities


You were on level 4 of the Dungeon.
You were not hungry.
You were a tree.
You visited 1 branch of the dungeon, and saw 4 of its levels.

You collected 66 gold pieces.

Inventory:

Hand Weapons
 b - a +0 spear
 e - a +1 great sword (weapon)
Armour
 a - a +0 robe
 g - a +0 scale mail (melded)
Comestibles
 c - 2 rations


   Skills:
 + Level 3.4 Fighting
 - Level 1.5 Dodging
 - Level 1.5 Stealth
 - Level 1.5 Spellcasting
 - Level 4.0 Conjurations


You had 4 spell levels left.
You knew the following spells:

 Your Spells              Type           Power        Failure   Level  Hunger
a - Magic Dart            Conj           ##..         4%          1    ##.....


Dungeon Overview and Level Annotations

Branches:
Dungeon (4/15)
 Temple: D:4-7

Altars:

Annotations:
D:3 Kairos's ghost, amateur HuFE
D:4 Pikel


Message History

* * * LOW HITPOINT WARNING * * *
Pikel burns you.
* * * LOW HITPOINT WARNING * * *
The slave hits you but does no damage.
Pikel says, "You'll fetch a fair price!"
Pikel hits you with a whip of flaming.
* * * LOW HITPOINT WARNING * * *
Pikel burns you.
* * * LOW HITPOINT WARNING * * *
You hit Pikel.
Pikel is moderately wounded.
The slave hits you but does no damage. Pikel hits you with a whip of flaming.
* * * LOW HITPOINT WARNING * * *
Pikel burns you.
* * * LOW HITPOINT WARNING * * *
The slave hits you but does no damage.
You barely miss Pikel.
Pikel is moderately wounded.
Pikel hits you but does no damage. The slave hits you.
You die...

#.# #####.# #...#.#
#.#.#.####### #######
#.#.........#
#.....#######.###.####.##
#.....'p..K.....#.#.....#
#.....#######.#.#.#.##.##
#....wpK♣pp...#.#.#.####
#.....#####..## #.#.#
#.....# #.......#.#
####### p...#.##.#.#
#.#####.# #.# # # #.# #.#
#.# #(#


You could see Pikel, 3 slaves and a worm.

Vanquished Creatures
  An adder (D:2)
  2 leopard geckos
  3 orcs (D:3)
  3 goblins (D:2)
  3 hobgoblins (D:2)
  A bat (D:2)
  4 rats
17 creatures vanquished.

Notes
Turn   | Place    | Note
-------+----------+-------------------------------------------
     0 | D:1      | 4thArraOfDagon the Hill Orc Conjurer began the quest for the Orb.
     0 | D:1      | Reached XP level 1. HP: 14/14 MP: 3/3
    59 | D:1      | Reached skill level 1 in Fighting
    83 | D:2      | Sergey: hello
   104 | D:2      | Reached XP level 2. HP: 22/24 MP: 2/4
   107 | D:2      | 4thArraOfDagon: hey hey :)
   107 | D:2      | 4thArraOfDagon: have you won?
   117 | D:2      | Sergey: not yer
   143 | D:2      | Sergey: !stalk
   167 | D:3      | Noticed Kairos's ghost (amateur HuFE)
   168 | D:3      | beem: Sergey the L27 HOAE^Beogh in Crypt:1 (cue tiles), T:50575, runes: 6 (golden, slimy, silver...), defenses: 33/17/18, stats: 13/29/12, >15 skills: Fighting,Shields,Spellcasting,Necromancy,Transmutations,Invocations
   215 | D:2      | Sergey: I think I need about 70k turns
   273 | D:2      | Reached XP level 3. HP: 14/31 MP: 0/5
   357 | D:3      | Sergey: I found mennas with trishula
   647 | D:3      | Sergey: so I should win
   750 | D:4      | Noticed a slave
   751 | D:4      | Noticed Pikel
   751 | D:4      | Noticed a slave
   764 | D:4      | Noticed a slave
   765 | D:4      | Noticed a slave
   778 | D:4      | Slain by a slave

Vault maps used:
D:1:      grunt_arrival_crossed_arrows
D:2:      first_ration, minmay_box_of_dots, uniq_robin, uniq_jessica
D:3:      nicolae_tso_swordbearing_angel, gammafunk_temple_overflow_elements,
          minmay_misc_feat_chi, fedhas_altar_3
D:4:      nicolae_elemental_shop, uniq_grinder, uniq_pikel, uniq_purgy,
          uniq_blork_the_orc

Skill      XL: |  1  2 |
---------------+-------+-----
Fighting       | 1 3 |  3.4
Dodging        | |  1.5
Stealth        | |  1.5
Spellcasting   | |  1.5
Conjurations   | |  4.0

Action                   || total
-------------------------++-------
Melee: Spear             ||    17
       Great sword       ||    18
 Cast: Magic Dart        ||    21
  Use: Potion            ||     4
       Scroll            ||     3
 Stab: Sleeping          ||     1
Armor: Robe              ||     3
       Skin              ||    21
       Scale mail        ||     1
Dodge: Dodged            ||    24

Table legend:
 A = Spawn XP
 B = Non-spawn XP
 C = Spawn XP percentage of total XP
 D = Spawn monster count
 E = Non-spawn monster count
 F = Spawn count percentage of total count
 G = Total turns spent on level
                    A         B        C        D         E        F      G
               +---------+---------+-------+---------+---------+-------+---------
         Total |       0 |      45 |   0.0 |       0 |      17 |   0.0 |   778
               +---------+---------+-------+---------+---------+-------+---------
           D:1 |       0 |       4 |   0.0 |       0 |       2 |   0.0 |    73
           D:2 |       0 |      31 |   0.0 |       0 |      11 |   0.0 |   206
           D:3 |       0 |      10 |   0.0 |       0 |       4 |   0.0 |   397
               +---------+---------+-------+---------+---------+-------+---------
